 Dungeon Crawl Stone Soup version 0.31-a0-744-gbc345e7fcb (webtiles) character file.

Game seed: 5570254114951984649

19779 Dirtsage the Severer (level 12, -1/87 HPs)
             Began as a Demonspawn Berserker on Sept 13, 2023.
             Was the Champion of Trog.
             Slain by a black mamba (10 damage)
             ... on level 2 of the Lair of Beasts.
             The game lasted 00:23:43 (11023 turns).

Dirtsage the Severer (Demonspawn Berserker)        Turns: 11023, Time: 00:23:43

Health: -1/87      AC: 19    Str: 22    XL:     12   Next: 39%
Magic:  12/12      EV:  7    Int:  9    God:    Trog [******]
Gold:   595        SH:  5    Dex: 16    Spells: 11/11 levels left

rFire   . . .        C - +3 battleaxe (flame)
rCold   . . .        (shield currently unavailable)
rNeg    . . .        Q - +3 plate armour "Yffan" {rPois Will+ Dex+3}
rPois   +            (no helmet)
rElec   .            z - +0 cloak
rCorr   .            K - +0 pair of gloves {hurl}
SInv    .            y - +1 pair of boots
Will    ++...        D - amulet of reflection Stlth
                     u - ring of flight
HPRegen 0.34/turn    j - ring of willpower
MPRegen 0.13/turn

%: reflection
@: on berserk cooldown, flying, slowed, very slow
A: demonic guardian 1, foul stench 2, demonic touch 2
a: Renounce Religion, Berserk, Trog's Hand, Brothers in Arms


You were on level 2 of the Lair of Beasts.
You worshipped Trog.
Trog was exalted by your worship.
You visited 2 branches of the dungeon, and saw 12 of its levels.
You also visited: Sewer.

You collected 595 gold pieces.

Inventory:

Hand Weapons
 v - the +6 morningstar of Zocigax {freeze, rN++}
   (You found it on level 3 of the Dungeon)

   rN++:      It greatly protects you from negative energy.
 C - a +3 battleaxe of flaming (weapon)
 E - a +5 war axe
Missiles
 J - a curare-tipped dart
Armour
 m - the +9 plate armour of the Eight of Pentacles {-Tele Str+5 Slay+4}
   (You found it on level 2 of the Dungeon)

   Str+5:     It affects your strength (+5).
   Slay+4:    It affects your accuracy & damage with ranged weapons and melee
   (+4).
   -Tele:     It prevents most forms of teleportation.
 n - a scarf of harm
 y - a +1 pair of boots (worn)
 z - a +0 cloak (worn)
 K - a +0 pair of gloves of hurling (worn)
 L - a +0 buckler
 Q - the +3 plate armour "Yffan" (worn) {rPois Will+ Dex+3}
   (You found it on level 1 of the Lair of Beasts)

   Dex+3:     It affects your dexterity (+3).
   rPois:     It protects you from poison Will+: It increases your willpower.
Jewellery
 j - a ring of willpower (right hand)
 o - a ring of willpower
 u - a ring of flight (left hand)
 D - an amulet of reflection (around neck)
 S - a ring of see invisible
Wands
 f - a wand of polymorph (12)
 x - a wand of quicksilver (9)
 I - a wand of mindburst (14)
 M - a wand of paralysis (2)
 O - a wand of roots (2)
Scrolls
 b - 2 scrolls of revelation
 c - 3 scrolls of vulnerability
 g - 2 scrolls of fear
 i - 5 scrolls of identify
 t - 5 scrolls of teleportation
 B - 2 scrolls of blinking
 F - a scroll of immolation
 G - a scroll of enchant armour
 N - 2 scrolls of torment {unknown}
 P - a scroll of fog {unknown}
Potions
 a - a potion of lignification {unknown}
 d - 3 potions of might
 e - 2 potions of cancellation
 h - 4 potions of haste
 k - 4 potions of attraction
 l - 5 potions of heal wounds
 p - a potion of magic {unknown}
 q - 3 potions of curing
 r - 3 potions of enlightenment
 s - 2 potions of berserk rage
 w - 3 potions of mutation
 A - a potion of brilliance {unknown}
 H - a potion of invisibility {unknown}


   Skills:
 + Level 5.7 Fighting
 + Level 17.2 Axes
 + Level 4.8 Armour
 - Level 1.7 Dodging
 + Level 2.9 Shields
 + Level 2.6 Shapeshifting


You had 11 spell levels left.
You didn't know any spells.
Your spell library contained the following spells:

 Spells                   Type           Power      Damage    Failure   Level
 Apportation              Tloc           0%         N/A       100%        1
 Foxfire                  Conj/Fire      0%         2x1d4     100%        1
 Magic Dart               Conj           0%         1d3       100%        1
 Sandblast                Erth           0%         2d4       100%        1
 Shock                    Conj/Air       0%         1d3       100%        1
 Slow                     Hex            0%         N/A       100%        1
 Blink                    Tloc           0%         N/A       100%        2
 Call Imp                 Summ           0%         N/A       100%        2
 Jinxbite                 Hex            0%         N/A       100%        2
 Lesser Beckoning         Tloc           0%         N/A       100%        2
 Momentum Strike          Conj/Tloc      0%         3d8       100%        2
 Passwall                 Tmut/Erth      0%         N/A       100%        2
 Confusing Touch          Hex            0%         N/A       100%        3
 Gell's Gravitas          Tloc           0%         N/A       100%        3
 Mephitic Cloud           Conj/Pois/Air  0%         N/A       100%        3
 Sigil of Binding         Hex            0%         N/A       100%        3
 Stone Arrow              Conj/Erth      0%         3d7       100%        3
 Swiftness                Air            0%         N/A       100%        3
 Teleport Other           Tloc           0%         N/A       100%        3
 Vampiric Draining        Necr           0%         2d6       100%        3
 Airstrike                Air            0%         2d(0-16)  100%        4
 Alistair's Intoxication  Tmut/Pois      0%         N/A       100%        5
 Iskenderun's Battlesphe  Conj           0%         2d6       100%        5
 Dispersal                Tloc           0%         N/A       100%        6
 Leda's Unmaking          Conj/Erth      0%         9d1       100%        6
 Haunt                    Necr/Summ      0%         N/A       100%        7
 Spellforged Servitor     Conj/Summ      0%         N/A       100%        7
 Borgnjor's Revivificati  Necr           0%         N/A       100%        8
 Death's Door             Necr           0%         N/A       100%        9


Dungeon Overview and Level Annotations

Branches:
Dungeon (10/15)            Temple (0/1) D:7            Lair (2/5) D:8
    Orc (0/2) D:9           Sewer (visited)
  Swamp: Lair:2-3    Shoals: Lair:2-3     Snake: Lair:2-3    Spider: Lair:2-3

Altars:
Ashenzari
Dithmenos
Makhleb
Sif Muna
Trog
Yredelemnul

Shops:
D:4 (   D:5 [   D:8 *


Innate Abilities, Weirdness & Mutations

A weak demonic guardian rushes to your aid.
You sometimes emit foul miasma when damaged in melee.
Your touch may inflict irresistible damage on your foes.


Message History

g - Guard the area. f - Follow me.
Anything else - Cancel.
Gang up on whom?
Press: ? - help, Dir - move target, f - black mamba
Aim: a black mamba (ally target) Attack!
Your white imp gestures at the black mamba.
The puff of frost hits the black mamba!
Your white imp hits the black mamba.
Your white imp freezes the black mamba.
The black mamba bites your white imp!
Your white imp dies!
Your white imp disappears in a puff of smoke!
You block the black mamba's attack.
You barely miss the black mamba.
The black mamba is moderately wounded.
The black mamba barely misses you.
The black mamba bites you but does no damage.
You barely miss the black mamba.
The black mamba is moderately wounded.
The black mamba bites you but does no damage. x2
You closely miss the black mamba.
The black mamba is moderately wounded.
The black mamba bites you but does no damage.
You block the black mamba's attack.
You slash the black mamba! You burn the black mamba!
The black mamba is almost dead.
The black mamba bites you but does no damage.
The black mamba completely misses you. You block the black mamba's attack.
You hit the black mamba. You burn the black mamba.
The black mamba is almost dead.
The black mamba bites you.
* * * LOW HITPOINT WARNING * * *
A demonic guardian appears!
The black mamba bites you!
* * * LOW HITPOINT WARNING * * *
You take 12 damage, and have 9/87 hp.
You closely miss the black mamba.
The black mamba is almost dead.
The black mamba bites you but does no damage.
The black mamba bites you!
You die...

### #. ###..##..
.......#. .. ###
##........
...##..###.........
.........>.........
.......†..5........
.......†.!.........
.......?†S@)†......
.....!...†.........
.........†.......#.
.......<...........
....P###.#..#.....>
..... .....#......
.... ......#......
.......+....#.
.......#


You could see a black mamba (ally target) and a friendly iron imp (summoned).

Vanquished Creatures
  A two-headed ogre (D:10)
  Pikel (D:4)
  The ghost of NigelTetley the Skirmisher, a novice DgHu (D:7)
  3 manticores
  5 black mambas
  Joseph (D:7)
  2 cane toads (Lair:1)
  Maggie (D:7)
  4 komodo dragons
  An unseen horror (D:6)
  A rime drake (Lair:1)
  3 trolls
  A hornet (D:10)
  Prince Ribbit (D:7)
  3 blink frogs (Lair:1)
  Sigmund (D:6)
  3 wyverns
  A wraith (D:9)
  11 yaks
  A human (D:6)
  4 steam dragons
  2 vampire mosquitoes (D:10)
  Menkaure (D:6)
  An acid dragon (D:10)
  5 water moccasins
  Duvessa (D:6)
  A swamp drake (D:9)
  3 ice beasts
  Pargi (Sewer)
  A black bear (D:6)
  3 orc warriors
  19 wolves
  An ogre (D:5)
  6 centaurs
  4 kobold brigands
  Blork the orc (D:5)
  A gnoll sergeant (D:9)
  11 scorpions
  11 bullfrogs
  13 wights
  Dowan (D:6)
  4 electric eels
  A crimson imp (D:6)
  7 howler monkeys
  A jelly (D:6)
  4 orc priests
  Crazy Yiuf (D:6)
  7 hounds
  3 gnoll boudas
  A human zombie (D:6)
  5 iguanas
  9 orc wizards
  A sleepcap (D:7)
  5 hell rats (Lair:2)
  15 gnolls
  13 adders
  A river rat (D:4)
  2 shadow imps
  A white imp (D:7)
  An ufetubus (D:5)
  2 worms (D:4)
  A dart slug (D:1)
  35 orcs
  13 bats
  9 endoplasms
  5 giant cockroaches
  9 goblins
  4 hobgoblins
  5 jackals
  7 quokkas
  4 ball pythons
  6 frilled lizards
  22 kobolds
  5 rats
346 creatures vanquished.

Vanquished Creatures (collateral kills)
  A water moccasin (Lair:2)
1 creature vanquished.

Vanquished Creatures (others)
  A wight (D:10)
1 creature vanquished.

Grand Total: 348 creatures vanquished

Notes
Turn   | Place    | Note
-------+----------+-------------------------------------------
     0 | D:1      | Dirtsage the Demonspawn Berserker began the quest for the
                  | Orb.
     0 | D:1      | Reached XP level 1. HP: 18/18 MP: 1/1
    90 | D:1      | Reached skill level 3 in Axes
   124 | D:1      | Gained mutation: Your touch may inflict minor irresistible
                  | damage on your foes. [demonic ancestry]
   124 | D:1      | Reached XP level 2. HP: 21/24 MP: 2/2
   588 | D:1      | Reached ** piety under Trog
   620 | D:1      | Gained mutation: You may rarely emit foul miasma when
                  | damaged in melee. [demonic ancestry]
   620 | D:1      | Reached XP level 3. HP: 28/29 MP: 3/3
   784 | D:1      | Reached skill level 4 in Axes
   852 | D:2      | Identified the +9 plate armour of the Eight of Pentacles
                  | {-Tele Str+5 Slay+4}
  1149 | D:2      | Found a faded altar of an unknown god.
  1494 | D:2      | Reached XP level 4. HP: 35/35 MP: 4/4
  1734 | D:3      | Reached *** piety under Trog
  1791 | D:3      | Identified the +6 morningstar of Zocigax {freeze, rN++}
  2298 | D:4      | Reached skill level 5 in Axes
  2305 | D:4      | Noticed a water moccasin
  2311 | D:4      | Killed a water moccasin
  2312 | D:4      | Gained mutation: You sometimes emit foul miasma when
                  | damaged in melee. [demonic ancestry]
  2312 | D:4      | Reached XP level 5. HP: 41/41 MP: 5/5
  2635 | D:4      | Reached skill level 6 in Axes
  2661 | D:4      | Found a glowing drain.
  2665 | Sewer    | Entered a sewer
  2718 | Sewer    | Noticed Pargi
  2728 | Sewer    | Killed Pargi
  2729 | Sewer    | Reached XP level 6. HP: 47/47 MP: 6/6
  2937 | D:4      | Found Xiwkus's Weapon Shop.
  2945 | D:4      | Reached skill level 7 in Axes
  3228 | D:4      | Reached XP level 7. HP: 52/52 MP: 7/7
  3236 | D:4      | Reached **** piety under Trog
  3238 | D:4      | Noticed Pikel
  3248 | D:4      | Killed Pikel
  3249 | D:4      | Reached skill level 9 in Axes
  3249 | D:4      | Gained mutation: Your touch may inflict irresistible damage
                  | on your foes. [demonic ancestry]
  3249 | D:4      | Reached XP level 8. HP: 58/58 MP: 8/8
  3405 | D:4      | Noticed an angel
  3509 | D:5      | Entered Level 5 of the Dungeon
  3753 | D:5      | Reached skill level 10 in Axes
  3768 | D:5      | Found Istiris's Antique Armour Boutique.
  3852 | D:5      | Found a shadowy altar of Dithmenos.
  4116 | D:5      | Noticed Blork the orc
  4126 | D:5      | Killed Blork the orc
  4386 | D:5      | Reached skill level 11 in Axes
  4485 | D:6      | Gained mutation: A weak demonic guardian rushes to your
                  | aid. [demonic ancestry]
  4485 | D:6      | Reached XP level 9. HP: 63/63 MP: 9/9
  4670 | D:6      | Noticed Dowan
  4675 | D:6      | Noticed Duvessa
  4677 | D:6      | Killed Dowan
  4687 | D:6      | Killed Duvessa
  4784 | D:6      | Reached skill level 12 in Axes
  4859 | D:6      | Found a runed translucent door.
  4864 | D:6      | Found a basalt altar of Yredelemnul.
  4928 | D:6      | Killed an unseen horror
  4972 | D:6      | Noticed Menkaure
  4978 | D:6      | Killed Menkaure
  5175 | D:6      | Found a burning altar of Makhleb.
  5384 | D:6      | Found a broken altar of Ashenzari.
  5430 | D:6      | Noticed Sigmund
  5452 | D:6      | Killed Sigmund
  5453 | D:6      | Reached skill level 13 in Axes
  5561 | D:6      | Found a runed translucent door.
  5562 | D:6      | Noticed Crazy Yiuf
  5571 | D:6      | Killed Crazy Yiuf
  5693 | D:7      | Reached ***** piety under Trog
  5711 | D:7      | Noticed Maggie
  5719 | D:7      | Killed Maggie
  5720 | D:7      | Reached XP level 10. HP: 70/70 MP: 10/10
  5835 | D:7      | Found a staircase to the Ecumenical Temple.
  5989 | D:7      | Noticed NigelTetley's ghost (novice DgHu)
  5996 | D:7      | Found a runed translucent door.
  6047 | D:7      | Killed NigelTetley's ghost
  6048 | D:7      | Reached skill level 14 in Axes
  6100 | D:7      | Noticed Joseph
  6113 | D:7      | Killed Joseph
  6185 | D:7      | Noticed Prince Ribbit
  6199 | D:7      | Killed Prince Ribbit
  6259 | D:7      | Found the +4 robe of Augmentation {Str+4 Int+4 Dex+4}
  6555 | D:8      | Found Acoti's Alliterative Armaments.
  6840 | D:8      | Reached skill level 15 in Axes
  6845 | D:8      | Found a staircase to the Lair.
  7315 | D:8      | Reached XP level 11. HP: 75/75 MP: 11/11
  7894 | D:9      | Received a gift from Trog
  7899 | D:9      | Reached skill level 16 in Axes
  8565 | D:9      | Found a staircase to the Orcish Mines.
  8893 | D:10     | Entered Level 10 of the Dungeon
  9045 | D:10     | Noticed a two-headed ogre
  9051 | D:10     | Killed a two-headed ogre
  9142 | D:10     | Found a bloodstained altar of Trog.
  9661 | D:10     | Found a shimmering blue altar of Sif Muna.
  9680 | D:10     | Got Sif Muna's Essays on Phlogiston
  9746 | Lair:1   | Entered Level 1 of the Lair of Beasts
  9930 | Lair:1   | Identified the +3 plate armour "Yffan" {rPois Will+ Dex+3}
  9968 | Lair:1   | Reached skill level 17 in Axes
  9978 | Lair:1   | Reached skill level 1 in Shields
  9978 | Lair:1   | Reached skill level 1 in Shapeshifting
 10023 | Lair:1   | Reached XP level 12. HP: 79/85 MP: 12/12
 10104 | Lair:1   | Reached skill level 5 in Fighting
 10204 | Lair:1   | Reached ****** piety under Trog
 11006 | Lair:2   | Received a gift from Trog
 11023 | Lair:2   | Slain by a black mamba

Illustrated notes

Levels and vault maps discovered:
D:1:      amcnicky_arrival_abandoned_market, layout_loops_cross,
          minmay_tetromino_o2
D:2:      layout_basic, ebering_ecumenical_altar_rust
D:3:      layout_basic, patterned_corridor
D:4:      old_forge, layout_loops_ring, zin_angel, gup_sewer_entry_spiral,
          serial_shops, shop, st_stairs_9, uniq_pikel
D:5:      layout_basic, nicolae_dithmenos_through_a_glass_darkly,
          tso_oasis_becter, serial_shops, shop, nicolae_hexahallways,
          uniq_blork_the_orc
D:6:      layout_basic, dk_yredelemnul_ordeal, marbit_many_paths,
          makhleb_grotto_becter, corexii_shack, minmay_stone_trees_small,
          uniq_sigmund, uniq_menkaure, uniq_duvessa, uniq_crazy_yiuf_cottage
D:7:      layout_loops_cross, minmay_temple_entry_antechambers,
          hellmonk_ghost_happy_afterlife, minmay_fractal_squares_diagonal_5,
          uniq_joseph, uniq_prince_ribbit1, uniq_maggie
D:8:      kennysheep_blocky_hall, layout_loops_ring, erik_lair_island,
          monkooky_shop_alliterative
D:9:      layout_long_grid, erik_orc_1, kennysheep_small_circle
D:10:     layout_rooms, trog_butcher_becter, led_sif_book,
          nicolae_figureground_sparkle
Lair:1:   wander_river, layout_regular_city, chequers_serial_rivers_micro_c,
          nicolae_quartered_pool_little
Lair:2:   layout_regular_city, minmay_snake_entry_six_corridors, basic_altar,
          minmay_holes, serial_bayou_lagoon_b

Skill      XL: |  1  2  3  4  5  6  7  8  9 10 11 12 |
---------------+-------------------------------------+-----
Axes           | 3 4 5 6 7 9 11 13 15 17 | 17.2
Armour         | 3 4 |  4.8
Fighting       | 4 5 |  5.7
Shields        | 1 2 |  2.9
Shapeshifting  | 1 2 |  2.6
Dodging        | |  1.7

Action                     |  1- 3 |  4- 6 |  7- 9 | 10-12 || total
---------------------------+-------+-------+-------+-------++-------
  Melee: Hand axe          |    82 |    16 |       |       ||    98
         Touch             |    10 |     9 |    36 |    25 ||    80
         Punch             |     2 |     1 |     3 |     8 ||    14
         War axe           |       |    71 |   193 |   215 ||   479
         Battleaxe         |       |       |       |   194 ||   194
 Invoke: Berserk           |       |     2 |     1 |     4 ||     7
         Trog's Hand       |       |       |       |     2 ||     2
    Use: Scroll            |       |       |     9 |     7 ||    16
         Potion            |       |       |       |     1 ||     1
   Stab: Sleeping          |     2 |       |       |       ||     2
         Held in net/web   |       |       |     2 |       ||     2
         Confused          |       |       |       |     1 ||     1
 Armour: Animal skin       |    32 |       |       |       ||    32
         Plate armour      |    20 |    88 |   180 |   406 ||   694
         Ring mail         |     1 |       |       |       ||     1
  Dodge: Dodged            |    40 |    31 |    67 |   125 ||   263
  Block: Other             |       |       |     1 |   105 ||   106
         Reflection        |       |       |       |     8 ||     8

Table legend: (Time is in decaauts)
 A = Elapsed time spent in this place.
 B = Non-inter-level travel time spent in this place.
 C = Inter-level travel time spent in this place.
 D = Time resting spent in this place.
 E = Time spent auto-exploring this place.
 F = Levels seen in this place.
 G = Mean time per level.
                   A        B        C        D        E       F      G
               +--------+--------+--------+--------+--------+-----+--------+
         Total |  11006 |  10499 |    507 |    552 |   8165 |  13 |  846.6 |
       Dungeon |   9611 |   9153 |    458 |    535 |   7064 |  10 |  961.1 |
          Lair |   1261 |   1212 |     49 |      2 |   1018 |   2 |  630.5 |
         Sewer |    134 |    134 |      0 |     14 |     83 |   1 |  134.0 |
               +--------+--------+--------+--------+--------+-----+--------+

Top non-repeatable levels by time:
     D:9: 1297 daAuts
     D:6: 1189 daAuts
     D:4: 1117 daAuts
  Lair:1: 1102 daAuts
     D:8: 1057 daAuts
     D:5: 949 daAuts
     D:7: 867 daAuts
     D:1: 848 daAuts
    D:10: 827 daAuts
     D:3: 764 daAuts
     D:2: 693 daAuts
  Lair:2: 158 daAuts
   Sewer: 134 daAuts
